 Dungeon Crawl Stone Soup version 0.30-a0-4-ga7cffc901d (webtiles) character file.

Game seed: 3031445251568410976

19 xian the Sneak (level 2, -3/21 HPs)
             Began as an Octopode Delver on Aug 21, 2022.
             Slain by a bullfrog (7 damage)
             ... on level 4 of the Dungeon.
             The game lasted 00:03:04 (1036 turns).

xian the Sneak (Octopode Delver)                    Turns: 1036, Time: 00:03:04

Health: -3/21      AC:  1    Str: 11    XL:     2   Next: 75%
Magic:  2/2        EV: 13    Int: 12    God:
Gold:   29         SH:  0    Dex: 13    Spells: 1/1 levels left

rFire   . . .      SeeInvis .    a - +0 short sword
rCold   . . .      Faith    .    (no shield)
rNeg    + . .      Spirit   .    (helmet restricted)
rPois   .          Reflect  .    h - amulet "Cuchumoc" {RegenMP rN+}
rElec   .          Harm     .    (no ring)
rCorr   .          Rampage  .    (no ring)
Will    .....                    (no ring)
Stlth   ++++......               (no ring)
HPRegen 0.07/turn                (no ring)
MPRegen 0.48/turn                (no ring)
                                 (no ring)
                                 (no ring)

@: no status effects
A: almost no armour, amphibious, 8 rings, camouflage 1, gelatinous body 1,
(nimble swimmer 1), tentacles
a: no special abilities


You were on level 4 of the Dungeon.
You visited 2 branches of the dungeon, and saw 3 of its levels.

You collected 29 gold pieces.

Inventory:

Hand Weapons
 a - a +0 short sword (weapon)
Jewellery
 h - the amulet "Cuchumoc" (around mantle) {RegenMP rN+}
   (You found it on level 5 of the Dungeon)

   [amulet of magic regeneration]

   It increases your rate of magic regeneration.
   rN:        It protects you from negative energy.
Wands
 f - a wand of digging (3)
Scrolls
 b - a scroll of fog
 c - a scroll of magic mapping
 d - a scroll of fear
 g - a scroll of identify {unknown}
Potions
 e - a potion of haste
 i - a potion of brilliance {unknown}


   Skills:
 + Level 3.1 Fighting
 + Level 2.0 Short Blades
 + Level 2.0 Dodging
 + Level 7.3 Stealth


You had one spell level left.
You didn't know any spells.
Your spell library was empty.

Dungeon Overview and Level Annotations

Branches:
Dungeon (5/15)             Temple (1/1) D:4

Altars:
Ashenzari
Dithmenos
Elyvilon
Gozag
Hepliaklqana
Kikubaaqudgha
Makhleb
Qazlal
Ru
Sif Muna
Trog
Vehumet
Wu Jian
Yredelemnul
The Shining One


Innate Abilities, Weirdness & Mutations

You cannot wear most types of armour.
You are amphibious.
You can wear up to eight rings at the same time.
Your skin changes colour to match your surroundings (Stealth+).
Your rubbery body absorbs attacks. (AC +1, EV +1)
((You are camouflaged when in or above water. (Stealth+)))
You have tentacles for arms and can constrict up to eight enemies at once.


Message History

Found a shadowy altar of Dithmenos and a white marble altar of Elyvilon.
There is an open door here.
There is an open door here.
There is an open door here.
Done exploring.
Done exploring.
There is an open door here.
There is a broken altar of Ashenzari here.
You curl up in front of the altar of Ashenzari.
There is a sacrificial altar of Ru here.
There is an open door here.
There is an open door here.
There is a staircase back to the Dungeon here.
You can't go down here!
You climb upwards.
There is a staircase to the Ecumenical Temple here.
A bullfrog comes into view.
An ice beast comes into view.
The bullfrog gives a loud, deep croak!
You hear an angry hiss.
A ball python comes into view.
You see here a fizzy white potion.
i - a fizzy white potion An iguana comes into view.
The bullfrog attacks as you move away! The bullfrog misses you.
The iguana hisses angrily.
The bullfrog barely misses you. The bullfrog hits you.
The bullfrog attacks as you move away! The bullfrog hits you.
The bullfrog attacks as you move away! The bullfrog misses you.
The bullfrog barely misses you. The bullfrog attacks as you move away!
The bullfrog hits you!
* * * LOW HITPOINT WARNING * * *
The bullfrog barely misses you.
There is a dry fountain here.
The bullfrog attacks as you move away! The bullfrog closely misses you.
The bullfrog barely misses you.
There is a staircase to the Ecumenical Temple here.
You can't go up here!
The bullfrog barely misses you. The bullfrog hits you!
You die...

.. #.#.#.......###..#
...###.......####..#
...#.#........#.#..####
#. #........).........#
#.......#<...#...#....#
####.#####...#.⌠.#....##
#.#..#..###...###...##
#....................#
....###..⌠..@..⌠......
..# #.....F........ S
#.###...###..##.
##...#.⌠Y#.......
#....#...#.......
#........S.....##.
....#######l.......
.....####......###.
............####


You could see an ice beast, a bullfrog, an iguana and a ball python.

Vanquished Creatures
  An adder (D:4)
  A dart slug (D:5)
  A goblin (D:4)
  3 jackals (D:4)
  A quokka (D:4)
7 creatures vanquished.

Notes
Turn   | Place    | Note
-------+----------+-------------------------------------------
     0 | D:5      | xian the Octopode Delver began the quest for the Orb.
     0 | D:5      | Reached XP level 1. HP: 16/16 MP: 1/1
   115 | D:5      | Identified the amulet "Cuchumoc" {RegenMP rN+}
   168 | D:4      | Reached skill level 7 in Stealth
   168 | D:4      | Reached XP level 2. HP: 3/21 MP: 2/2
   443 | D:4      | Found a staircase to the Ecumenical Temple.
   759 | Temple   | Entered the Ecumenical Temple
  1020 | D:4      | Noticed a bullfrog
  1021 | D:4      | Noticed an ice beast
  1036 | D:4      | Slain by a bullfrog

Illustrated notes

Levels and vault maps discovered:
D:4:      layout_cave_pools, minmay_temple_entry_junction_2, serial_shops, shop,
          uniq_crazy_yiuf_cottage, uniq_edmund
D:5:      layout_gridville, serial_shops, nicolae_diamond_shop, kennysheep_mini,
          nicolae_diamond_shop, shop, uniq_sigmund, uniq_blork_the_orc
Temple:   regret_index_temple_generic_petals

Skill      XL: |  1 |
---------------+----+-----
Stealth        | 7 |  7.3
Fighting       | |  3.1
Short Blades   | |  2.0
Dodging        | |  2.0

Action                   || total
-------------------------++-------
Melee: Short sword       ||    26
       Constrict         ||     5
       Tentacles         ||     5
Armor: Skin              ||     3
Dodge: Dodged            ||    36

Table legend: (Time is in decaauts)
 A = Elapsed time spent in this place.
 B = Non-inter-level travel time spent in this place.
 C = Inter-level travel time spent in this place.
 D = Time resting spent in this place.
 E = Time spent auto-exploring this place.
 F = Levels seen in this place.
 G = Mean time per level.
                   A        B        C        D        E       F      G
               +--------+--------+--------+--------+--------+-----+--------+
         Total |   1036 |    997 |     39 |    489 |    210 |   3 |  345.3 |
       Dungeon |    785 |    785 |      0 |    489 |     32 |   2 |  392.5 |
        Temple |    250 |    211 |     39 |      0 |    178 |   1 |  250.0 |
               +--------+--------+--------+--------+--------+-----+--------+

Top non-repeatable levels by time:
     D:4: 627 daAuts
  Temple: 250 daAuts
     D:5: 158 daAuts
